 Dungeon Crawl Stone Soup version 0.26-a0-682-g294304f6e8 (webtiles) character file.

Game seed: 13857737840488611920

20 runemasterragnar the Ducker (level 2, 0/21 HPs)
             Began as an Octopode Fighter on Oct 20, 2020.
             Slain by a goblin (3 damage)
             ... on level 2 of the Dungeon.
             The game lasted 00:00:49 (556 turns).

runemasterragnar the Ducker (Octopode Fighter)       Turns: 556, Time: 00:00:49

Health: 0/21       AC:  1    Str: 15    XL:     2   Next: 79%
Magic:  2/2        EV: 11    Int: 10    God:
Gold:   25         SH:  8    Dex: 11    Spells: 1/1 levels left

rFire    . . .     SeeInvis .   a - +0 long sword
rCold    . . .     Faith    .   b - +0 kite shield
rNeg     . . .     Spirit   .   (helmet restricted)
rPois    .         Reflect  .   (no amulet)
rElec    .         Harm     .   (no ring)
rCorr    .         Rampage  .   (no ring)
MR       .....                  (no ring)
Stlth    ++........             (no ring)
HPRegen  0.07/turn              (no ring)
MPRegen  0.08/turn              (no ring)
                                (no ring)
                                (no ring)

@: no status effects
A: almost no armour, stealthy swim, amphibious, 8 rings, constrict 8, camouflage
1, gelatinous body 1
a: no special abilities


You were on level 2 of the Dungeon.
You visited 1 branch of the dungeon, and saw 2 of its levels.

You collected 25 gold pieces.

Inventory:

Hand Weapons
 a - a +0 long sword (weapon)
Missiles
 g - 11 poisoned darts (quivered)
Armour
 b - a +0 kite shield (worn)
Scrolls
 e - 2 scrolls of remove curse {unknown}
 i - a scroll of blinking {unknown}
 j - 3 scrolls of amnesia {unknown}
 l - a scroll of teleportation {unknown}
 n - a scroll of enchant armour {unknown}
 o - a scroll of noise {unknown}
Potions
 c - a potion of might
 f - a potion of resistance
 h - a potion of cancellation
 k - a potion of brilliance
 m - a potion of stabbing


   Skills:
 + Level 3.1 Fighting
 * Level 2.4 Long Blades
 + Level 0.4 Throwing
 + Level 3.1 Dodging
 + Level 0.9 Stealth
 + Level 3.1 Shields
 + Level 0.5 Unarmed Combat


You had one spell level left.
You didn't know any spells.
Your spell library was empty.

Dungeon Overview and Level Annotations

Branches:
Dungeon (2/15)

Altars:


Innate Abilities, Weirdness & Mutations

You cannot wear most types of armour.
You are very stealthy in the water. (Stealth+)
You are amphibious.
You can wear up to eight rings at the same time.
You can use your tentacles to constrict eight enemies at once.
Your skin changes colour to match your surroundings (Stealth+).
Your rubbery body absorbs attacks. (AC +1, EV +1)


Message History

There are monsters nearby!
You hit the adder.
The adder is almost dead.
You constrict the adder.
You kill the adder!
The goblin hits you. The goblin barely misses you.
You riposte.
You barely miss the goblin. Your grab misses the goblin.
There are monsters nearby!
You closely miss the quokka. Your grab misses the quokka.
You block the quokka's attack. x2
Unknown command.
You hit the goblin but do no damage. Your grab misses the goblin.
You block the quokka's attack.
A hobgoblin comes into view. It is wielding a +0 club.
The goblin hits you.
The goblin shoots a stone.
The stone hits you!
* * * LOW HITPOINT WARNING * * *
The quokka closely misses you.
You riposte.
You closely miss the quokka. Your grab misses the quokka.
Your squeeze misses the quokka. The goblin hits you.
You die...

#.. #..#.#
#....#
#.#..#
#.#..# #
#.#..#.##
#r#.....#
#(#.....##
#g@.g..g..
#.#.###...
######.#.#
#......#.#
#.######.#
#.# .. #.#
.# #.# >#
#.#


You could see a quokka, a hobgoblin and 2 goblins.

Vanquished Creatures
  An adder (D:2)
  A bat (D:1)
  A giant cockroach (D:1)
  2 goblins (D:1)
  2 hobgoblins (D:1)
  2 frilled lizards (D:1)
  2 rats (D:1)
11 creatures vanquished.

Notes
Turn   | Place    | Note
-------+----------+-------------------------------------------
     0 | D:1      | runemasterragnar the Octopode Fighter began the quest for
                  | the Orb.
     0 | D:1      | Reached XP level 1. HP: 16/16 MP: 1/1
   219 | D:1      | Reached XP level 2. HP: 19/21 MP: 2/2
   556 | D:2      | Slain by a goblin

Illustrated notes

Levels and vault maps discovered:
D:1:      tarquinn_simple_flora_water_e, layout_rooms
D:2:      layout_loops_ring, hangedman_decor_push, uniq_robin, uniq_natasha

Action                   || total
-------------------------++-------
Melee: Long sword        ||    18
       Tentacles         ||     6
       Constrict         ||     5
  Use: Scroll            ||     4
 Stab: Sleeping          ||     1
Dodge: Dodged            ||    14
Block: Kite shield       ||    13
       Rpst.: Long sword ||     6

Table legend: (Time is in decaauts)
 A = Elapsed time spent in this place.
 B = Non-inter-level travel time spent in this place.
 C = Inter-level travel time spent in this place.
 D = Time resting spent in this place.
 E = Time spent auto-exploring this place.
 F = Levels seen in this place.
 G = Mean time per level.
                   A        B        C        D        E       F      G
               +--------+--------+--------+--------+--------+-----+--------+
         Total |    562 |    525 |     37 |      0 |    436 |   2 |  281.0 |
       Dungeon |    562 |    525 |     37 |      0 |    436 |   2 |  281.0 |
               +--------+--------+--------+--------+--------+-----+--------+

Top non-repeatable levels by time:
     D:1: 520 daAuts
     D:2: 42 daAuts
